 Dungeon Crawl Stone Soup version 0.29-a0-414-g5075937ec3 (webtiles) character file.

Game seed: 460951895999273816

25 exilicon the Conjurer (level 2, -1/23 HPs)
             Began as a Draconian Conjurer on May 15, 2022.
             Slain by Terence
             ... wielding a +0 flail of protection
              (5 damage)
             ... on level 2 of the Dungeon.
             The game lasted 00:03:31 (1490 turns).

exilicon the Conjurer (Draconian Conjurer)          Turns: 1490, Time: 00:03:32

Health: -1/23      AC:  7    Str:  9    XL:     2   Next: 82%
Magic:  4/5        EV: 12    Int: 18    God:
Gold:   67         SH:  0    Dex:  9    Spells: 4/5 levels left

rFire   . . .      SeeInvis .   k - +2 dagger (flame)
rCold   . . .      Faith    .   (no shield)
rNeg    . . .      Spirit   .   (body armour unavailable)
rPois   .          Reflect  .   (helmet restricted)
rElec   .          Harm     .   (no cloak)
rCorr   .          Rampage  .   j - +0 pair of gloves
Will    .....                   m - +1 pair of boots
Stlth   ++........              (no amulet)
HPRegen 0.07/turn               (no ring)
MPRegen 0.09/turn               (no ring)

@: no status effects
A: AC +4, unfitting armour, cold-blooded
a: no special abilities


You were on level 2 of the Dungeon.
You visited 1 branch of the dungeon, and saw 2 of its levels.

You collected 67 gold pieces.

Inventory:

Hand Weapons
 b - a +0 hunting sling
 e - a +0 dagger
 k - a +2 dagger of flaming (weapon)
Armour
 j - a +0 pair of gloves (worn)
 m - a +1 pair of boots (worn)
 p - a +0 pair of gloves
Scrolls
 c - a scroll of identify {unknown}
 d - a scroll of immolation {unknown}
 g - a scroll of teleportation {unknown}
 i - a scroll of fog {unknown}
 l - a scroll of fear {unknown}
 q - a scroll of poison {unknown}
Potions
 a - a potion of magic
 f - a potion of cancellation {unknown}
 h - a potion of berserk rage {unknown}
 n - a potion of curing {unknown}
 o - 2 potions of might {unknown}
 r - a potion of heal wounds {unknown}


   Skills:
 + Level 1.2 Fighting
 - Level 0.1 Short Blades
 - Level 1.7 Dodging
 + Level 2.8 Stealth
 - Level 0.2 Unarmed Combat
 - Level 2.0 Spellcasting
 - Level 4.0 Conjurations


You had 4 spell levels left.
You knew the following spells:

 Your Spells              Type           Power      Damage    Failure   Level
a - Magic Dart            Conj           64%        1d6       3%          1

Your spell library contained the following spells:

 Spells                   Type           Power      Damage    Failure   Level
 Searing Ray              Conj           32%        2d5       5%          2
 Dazzling Flash           Conj/Hex       18%        N/A       24%         3
 Call Canine Familiar     Summ           1%         N/A       47%         3
 Portal Projectile        Hex/Tloc       2%         N/A       47%         3
 Fulminant Prism          Conj/Hex       4%         3d6       61%         4
 Iskenderun's Mystic Bla  Conj/Tloc      9%         2d4       61%         4
 Leda's Liquefaction      Hex/Erth       0%         N/A       87%         4


Dungeon Overview and Level Annotations

Branches:
Dungeon (2/15)

Altars:

Shops:
D:1 =[:=

Annotations:
D:2 Terence


Innate Abilities, Weirdness & Mutations

Your plain brown scales are hard. (AC +4)
You cannot fit into any form of body armour.
You are cold-blooded and may be slowed by cold attacks.


Message History

Terence is moderately wounded.
Terence hits you but does no damage.
You completely miss Terence.
Terence is moderately wounded.
Terence hits you but does no damage.
You barely miss Terence.
Terence is moderately wounded.
Terence barely misses you.
You hit Terence but do no damage.
Terence is moderately wounded.
Terence hits you with a +0 flail of protection.
* * * LOW HITPOINT WARNING * * *
You barely miss Terence.
Terence is moderately wounded.
Terence barely misses you.
You barely miss Terence.
Terence is moderately wounded.
Terence hits you but does no damage.
You hit Terence but do no damage.
Terence is moderately wounded.
Terence closely misses you.
You hit Terence but do no damage.
Terence is moderately wounded.
Terence barely misses you.
You hit Terence but do no damage.
You tail-slap Terence, but do no damage.
Terence is moderately wounded.
Terence barely misses you.
You hit Terence but do no damage.
You tail-slap Terence, but do no damage.
Terence is moderately wounded.
Terence hits you with a +0 flail of protection.
* * * LOW HITPOINT WARNING * * *
You hit Terence but do no damage.
Terence is moderately wounded.
Terence hits you but does no damage.
You hit Terence but do no damage.
Terence is moderately wounded.
Terence hits you with a +0 flail of protection.
You die...

#.........##.......#
###..........#.......#
........#....#.......#
...†....####.##.....#
........# #.....†..###
.......†# ###........#
## ........#
#........###...(
.....<..#
#.......).......
........#
##.@@..#.###..##
###..#### ##...##.###
. #... ##..##...####
#... #..####....# #...
#... ####.## #.. #....
#..# # #..
###..######.####. #..
..............
..#####.##...


You could see Terence.

Vanquished Creatures
  3 ball pythons (D:1)
  3 endoplasms
  A goblin (D:1)
  2 hobgoblins (D:1)
  A quokka (D:2)
  4 bats
  2 frilled lizards
  4 kobolds
  2 rats (D:2)
22 creatures vanquished.

Notes
Turn   | Place    | Note
-------+----------+-------------------------------------------
     0 | D:1      | exilicon the Draconian Conjurer began the quest for the
                  | Orb.
     0 | D:1      | Reached XP level 1. HP: 14/14 MP: 3/3
   171 | D:1      | Found Nufaquent's Jewellery Shop.
   206 | D:1      | Found Owyhiopn's Book Shop.
   233 | D:1      | Found Logg's Jewellery Boutique.
   276 | D:1      | Found Resal's Antique Armour Shoppe.
   480 | D:1      | Reached XP level 2. HP: 19/22 MP: 3/5
   996 | D:1      | Reached skill level 1 in Fighting
  1456 | D:2      | Noticed Terence
  1490 | D:2      | Slain by Terence

Illustrated notes

Levels and vault maps discovered:
D:1:      elethiomel_arrival_quiet, layout_loops_ring, serial_shops,
          nicolae_shop_advertising_works [nicolae_subvault_shop_adworks],
          nicolae_shop_overgrown_old_shop, shop, shop, minmay_ruptured
D:2:      layout_rooms, basic_ecumenical_altar, uniq_terence

Skill      XL: |  1  2 |
---------------+-------+-----
Stealth        | 2 |  2.8
Fighting       | 1 |  1.2
Short Blades   | |  0.1
Dodging        | |  1.7
Unarmed Combat | |  0.2
Spellcasting   | |  2.0
Conjurations   | |  4.0

Action                   || total
-------------------------++-------
Melee: Dagger            ||    78
       Tailslap          ||    13
       Unarmed           ||     1
 Cast: Magic Dart        ||    16
 Stab: Sleeping          ||     2
Armor: Skin              ||    33
Dodge: Dodged            ||    41

Table legend: (Time is in decaauts)
 A = Elapsed time spent in this place.
 B = Non-inter-level travel time spent in this place.
 C = Inter-level travel time spent in this place.
 D = Time resting spent in this place.
 E = Time spent auto-exploring this place.
 F = Levels seen in this place.
 G = Mean time per level.
                   A        B        C        D        E       F      G
               +--------+--------+--------+--------+--------+-----+--------+
         Total |   1488 |   1476 |     12 |    575 |    618 |   2 |  744.0 |
       Dungeon |   1488 |   1476 |     12 |    575 |    618 |   2 |  744.0 |
               +--------+--------+--------+--------+--------+-----+--------+

Top non-repeatable levels by time:
     D:1: 1354 daAuts
     D:2: 133 daAuts
